 Dungeon Sprint DCSS version 0.27.1 (webtiles) character file.

Game seed: 6158444735959889044

145 styxcanada the Covert (level 5, -4/28 HPs)
             Began as a Spriggan Brigand on Aug 27, 2021.
             Was an Initiate of Gozag.
             Splashed by an oklob sapling wizard's acid (12 damage)
             ... in the Dungeon (Sprint IV: "Fedhas' Mad Dash").
             The game lasted 00:01:11 (143 turns).

styxcanada the Covert (Spriggan Brigand)             Turns: 143, Time: 00:01:12

Health: -4/28      AC:  3    Str:  7    XL:     5   Next: 6%
Magic:  4/6        EV: 19    Int: 12    God:    Gozag
Gold:   116        SH:  0    Dex: 18    Spells: 4/4 levels left

rFire    . . .     SeeInvis +   a - +2 dagger
rCold    . . .     Faith    .   (shield restricted)
rNeg     . . .     Spirit   .   b - +0 robe
rPois    .         Reflect  .   (helmet restricted)
rElec    .         Harm     .   c - +0 cloak
rCorr    .         Rampage  .   (gloves unavailable)
Will     .....     NoTele   +   (boots unavailable)
Stlth    ++++++....             j - amulet of invisibility {+Inv}
HPRegen  0.09/turn              (no ring)
MPRegen  0.10/turn              (no ring)

@: very slightly contaminated, invisible, very quick
A: very small, no large weapons, unfitting armour, see invisible, speed 3
a: Renounce Religion, Evoke Invisibility, Potion Petition, Call Merchant, Bribe
Branch


You were in the Dungeon.
You worshipped Gozag.
Gozag was aware of your devotion.
You visited 1 branch You collected 116 gold pieces.

Inventory:

Hand Weapons
 a - a +2 dagger (weapon)
Missiles
 d - 8 poisoned darts (quivered)
 e - 2 curare-tipped darts
Armour
 b - a +0 robe (worn)
 c - a +0 cloak (worn)
Jewellery
 j - the amulet of invisibility (around neck) {+Inv}
   (You found it in the Dungeon)

   [amulet of nothing]

   +Inv:      It lets you turn invisible.
Scrolls
 k - a scroll of blinking
Potions
 f - a potion of curing
 g - a potion of heal wounds
 h - a potion of haste
 i - 2 potions of magic


   Skills:
 * Level 3.0 Fighting
 + Level 3.1 Short Blades
 + Level 2.7 Throwing
 * Level 4.4 Dodging
 * Level 13.7 Stealth
 + Level 0.8 Evocations


You had 4 spell levels left.
You didn't know any spells.
Your spell library was empty.

Dungeon Overview and Level Annotations

Branches:
Dungeon (1/1)

Altars:
Cheibriados
Dithmenos
Elyvilon
Gozag
Hepliaklqana
Kikubaaqudgha
Makhleb
Nemelex Xobeh
Okawaru
Qazlal
Ru
Sif Muna
Trog
Uskayaw
Vehumet
Wu Jian
Xom
Yredelemnul
Zin
The Shining One
Beogh
Jiyva
Lugonu

Annotations:
D exclusion: oklob sapling


Innate Abilities, Weirdness & Mutations

You are very small and have problems with some larger weapons.
You are too small for most types of armour.
You have supernaturally acute eyesight. (SInv)
You cover ground extremely quickly. (Speed+++)


Message History

Your Fighting skill increases to level 3!
Your Dodging skill increases to level 4!
Your Stealth skill increases to level 13!
You have reached level 5!
You feel agile.
You now have 116 gold pieces (gained 54).
There is an ancient bone altar of Kikubaaqudgha here.
There is a corrupted altar of Lugonu here.
You flicker back into view.
You start resting.
Magic restored.
You start waiting.
Your magical contamination has completely faded away.
You fade into invisibility!
You are very lightly contaminated with residual magic.
You open the door.
An oklob sapling wizard comes into view.
Marking area around an oklob sapling as unsafe for travelling.
Found 13 poisoned darts and a hand axe.
There is an open door here.
You hit the oklob sapling wizard.
The oklob sapling wizard is lightly damaged.
Unknown command.
You hit the oklob sapling wizard but do no damage.
The oklob sapling wizard is lightly damaged.
You hit the oklob sapling wizard but do no damage.
The oklob sapling wizard is lightly damaged.
You hit the oklob sapling wizard but do no damage.
The oklob sapling wizard is lightly damaged.
You hit the oklob sapling wizard but do no damage.
The oklob sapling wizard is lightly damaged.
You hit the oklob sapling wizard but do no damage.
The oklob sapling wizard is lightly damaged.
The oklob sapling wizard spits acid at you.
The splash of acid hits you!!
Ouch! That really hurt!
* * * LOW HITPOINT WARNING * * *
You are splashed with acid!
You die...
Your body crumbles into a pile of gold.

###################
.#.⌠._._._._.⌠.#.(+$
.'.._._._._._..'@P#$
$ $
.#..._._._._...#..#
$$
##.._._._._._..#.)#
$ #._._._._._.⌠.####
$############### $
$$ $


You could see an oklob sapling wizard.

Vanquished Creatures
  A scorpion (D)
  2 oklob saplings (D)
  A river rat (D)
  A rat (D)
5 creatures vanquished.

Notes
Turn   | Place    | Note
-------+----------+-------------------------------------------
     0 | D        | styxcanada the Spriggan Brigand began the quest for the
                  | Orb.
     0 | D        | Reached XP level 1. HP: 10/10 MP: 2/2
     9 | D        | Reached skill level 7 in Stealth
     9 | D        | Reached XP level 2. HP: 15/15 MP: 3/3
    11 | D        | Reached skill level 8 in Stealth
    12 | D        | Noticed an oklob sapling
    16 | D        | Killed an oklob sapling
    17 | D        | Reached skill level 10 in Stealth
    17 | D        | Reached XP level 3. HP: 18/18 MP: 4/4
    57 | D        | Noticed a scorpion
    57 | D        | Found the amulet of invisibility {+Inv}
    59 | D        | Killed a scorpion
    60 | D        | Reached skill level 12 in Stealth
    60 | D        | Reached XP level 4. HP: 23/23 MP: 5/5
    85 | D        | Found an opulent altar of Gozag.
    85 | D        | Found a hazy altar of Hepliaklqana.
    85 | D        | Found a burning altar of Makhleb.
    85 | D        | Found a sparkling altar of Nemelex Xobeh.
    85 | D        | Found a snail-covered altar of Cheibriados.
    85 | D        | Found a sacrificial altar of Ru.
    85 | D        | Found a shimmering blue altar of Sif Muna.
    85 | D        | Found a shimmering altar of Xom.
    85 | D        | Found a basalt altar of Yredelemnul.
    86 | D        | Found a viscous altar of Jiyva.
    86 | D        | Found a bloodstained altar of Trog.
    86 | D        | Found an ornate altar of the Wu Jian Council.
    87 | D        | Found an iron altar of Okawaru.
    87 | D        | Found a shadowy altar of Dithmenos.
    87 | D        | Found a glowing silver altar of Zin.
    88 | D        | Found an ancient bone altar of Kikubaaqudgha.
    88 | D        | Found a hide-covered altar of Uskayaw.
    89 | D        | Found a stormy altar of Qazlal.
    89 | D        | Found a white marble altar of Elyvilon.
    89 | D        | Found a glowing golden altar of the Shining One.
    90 | D        | Became a worshipper of Gozag Ym Sagoz the Greedy
    91 | D        | Found a corrupted altar of Lugonu.
    91 | D        | Found a radiant altar of Vehumet.
    97 | D        | Reached skill level 13 in Stealth
    97 | D        | Reached XP level 5. HP: 28/28 MP: 3/6
   143 | D        | Splashed by an oklob sapling wizard's acid

Illustrated notes

Levels and vault maps discovered:
D:        dungeon_sprint_fedhas [sprint_temple]

Skill      XL: |  1  2  3  4 |
---------------+-------------+-----
Dodging        | 2 3 4 |  4.4
Stealth        | 7 10 12 13 | 13.7
Fighting       | 2 3 |  3.0
Short Blades   | 3 |  3.1
Throwing       | |  2.7
Evocations     | |  0.8

Action                   |  1- 3 |  4- 6 || total
-------------------------+-------+-------++-------
Melee: Dagger            |     5 |     7 ||    12
 Abil: Evoke Invisibilit |       |     2 ||     2
  Use: Potion            |     1 |       ||     1
 Stab: Sleeping          |     3 |     1 ||     4
Dodge: Dodged            |     1 |       ||     1
